 Dungeon Crawl Stone Soup version 0.14-b1-37-g9a7a16d (webtiles) character file.

206 Aelig the Sneak (level 4, 16/18 HPs)
             Began as a Felid Ice Elementalist on Apr 6, 2014.
             Quit the game on Level 4 of the Dungeon.
             The game lasted 00:15:16 (3822 turns).

Aelig the Sneak (Felid Ice Elementalist)            Turns: 3822, Time: 00:15:16

HP  16/18        AC  1     Str  4      XL: 4   Next: 15%
MP  10/10        EV 19     Int 17      God:
Gold 128         SH  0     Dex 17      Spells:  2 memorised,  5 levels left
Lives: 0, deaths: 1

rFire  . . .     SeeInvis +       - Unarmed
rCold  . . .     Clarity  .     (armour unavailable)
rNeg   . . .     Conserve .     (shield unavailable)
rPois  .         rCorr    .     (helmet unavailable)
rElec  .         rRot     .     (cloak unavailable)
SustAb . .       Spirit   .     (gloves unavailable)
rMut   .         Warding  .     (boots unavailable)
Saprov . . .     Stasis   .     (no amulet)
MR     .....                    (no ring)
                                (no ring)

@: quick, not resistant to hostile enchantments, quite stealthy
A: paw claws, no armour, no weapons or thrown items, fangs 3, see invisible,
carnivore 3, speed 1, shaggy fur 1, slow metabolism 1, jump 1
a: Jump Attack


You were on level 4 of the Dungeon.
You were not hungry.

You visited 1 branch of the dungeon, and saw 4 of its levels.

You collected 128 gold pieces.

Inventory:

Comestibles
 c - 4 meat rations
Scrolls
 d - 2 scrolls of enchant weapon I {unknown}
 f - 5 scrolls of remove curse {unknown}
 g - a scroll of amnesia {unknown}
 h - 2 scrolls of fear {unknown}
 i - a scroll of identify {unknown}
 l - a scroll of random uselessness {unknown}
 m - a scroll of recharging {unknown}
 p - a scroll of noise {unknown}
Potions
 a - a potion of agility
 e - a potion of invisibility
 k - a potion of beneficial mutation {unknown}
 n - a potion of might {unknown}
 o - a potion of paralysis {unknown}
Books
 b - a book of Frost

   Spells                             Type                      Level
   *Freeze                            Ice                          1
   Throw Frost                        Conjuration/Ice              2
   Ozocubu's Armour                   Charms/Ice                   3
   Throw Icicle                       Conjuration/Ice              4
   Summon Ice Beast                   Ice/Summoning                4
   Condensation Shield                Ice                          4
 q - a book of Battle

   Spells                             Type                      Level
   *Infusion                          Charms                       1
   Shroud of Golubria                 Charms/Translocation         2
   Song of Slaying                    Charms                       2
   Spectral Weapon                    Hexes/Charms                 3
   Regeneration                       Charms/Necromancy            3


   Skills:
 - Level 4.2 Dodging
 + Level 4.5 Stealth
 * Level 2.6 Unarmed Combat
 - Level 2.1 Spellcasting
   Level 0.8 Conjurations
 * Level 0.8 Charms
 - Level 2.6 Ice Magic


You had 5 spell levels left.
You knew the following spells:

 Your Spells              Type           Power        Failure   Level  Hunger
a - Freeze                Ice            ##..         10%         1    #......
b - Infusion              Chrm           #.....       17%         1    #......


Dungeon Overview and Level Annotations

Branches:
Dungeon (4/15)
 Temple: D:4-7

Altars:
Ashenzari
Xom

Annotations:
D:3 Grinder; Ijyb; Vidiiot's ghost, average TeWn


Innate Abilities, Weirdness & Mutations

You cannot wear armour.
You are incapable of wielding weapons or throwing items.
Your paws have sharp claws.
You have razor-sharp teeth.
You have supernaturally acute eyesight.
You are carnivorous and can eat meat at any time.
You cover ground quickly.
You are covered in fur (AC +1).
You have a slow metabolism.
You can jump attack at a short distance.


Message History

Aiming: Freeze
Press: ? - help, Shift-Dir - straight line, f/p - orc wizard
Aim: an orc wizard, wielding a dagger of venom and wearing a robe (severely wounded, moving very quickly)
You miscast Freeze.
You are very lightly contaminated with residual magic.
Nothing appears to happen.
You feel sick.
Your attacks are no longer magically infused.
The orc wizard casts a spell at you. The puff of flame hits you!
You die...
You are now level 4!
You rejoin the land of the living...
A quokka comes into view.
A quokka is nearby!
You closely miss the quokka. The quokka bites you.
You claw the quokka!
You kill the quokka!
Found an apple.
You can't grasp things well enough to throw them.
Are you sure you want to abandon this character and quit the game? (Confirm with "yes".)

#.......#### #+
###.####.##### ##.##
#.............
##≈.≈#####.####.#####
##≈..≈≈ #.# #.#
#≈≈≈%.≈ #.# #.#
#≈≈≈≈.# #.# #.#
#≈≈..## #.# #.#
#≈≈.@.# #.# #.#
##....# #.# #.#
##...####.####.##
###.##.........#
#.##.........#
#.##.........#
#.##.........#
###.##.........#
#..............#


There were no monsters in sight!

Vanquished Creatures
  An orc wizard (D:4)
  3 adders
  A worm (D:2)
  3 giant geckos
  8 orcs
  A ball python (D:2)
  8 bats
  7 giant cockroaches
  7 goblins
  9 hobgoblins
  14 jackals
  5 kobolds
  2 quokkas (D:4)
  3 giant newts
  5 rats
77 creatures vanquished.

Notes
Turn   | Place    | Note
--------------------------------------------------------------
     0 | D:1      | Aelig, the Felid Ice Elementalist, began the quest for the Orb.
     0 | D:1      | Reached XP level 1. HP: 7/7 MP: 4/4
   251 | D:1      | Reached XP level 2. HP: 4/11 MP: 1/5
   495 | D:1      | Reached skill level 3 in Dodging
  1329 | D:2      | Found a shimmering altar of Xom.
  1390 | D:2      | Reached XP level 3. HP: 11/14 MP: 4/8
  1426 | D:2      | Reached skill level 1 in Unarmed Combat
  2260 | D:2      | Reached XP level 4. HP: 16/18 MP: 1/10
  2705 | D:2      | Reached skill level 4 in Stealth
  2936 | D:3      | Noticed Vidiiot's ghost (average TeWn)
  3294 | D:3      | Reached XP level 5. HP: 9/21 MP: 9/12
  3457 | D:3      | Learned a level 1 spell: Infusion
  3473 | D:3      | Noticed Ijyb
  3550 | D:3      | Noticed Grinder
  3574 | D:3      | Found a shattered altar of Ashenzari.
  3775 | D:4      | HP: 1/21 [orc wizard/dagger of venom (7)]
  3779 | D:4      | Killed from afar by an orc wizard
  3780 | D:4      | Reached XP level 4. HP: -2/18 MP: 3/10
  3822 | D:4      | Quit the game

Action                   |  1- 3 |  4- 6 || total
-------------------------+-------+-------++-------
Melee: Unarmed           |    71 |   102 ||   173
 Cast: Freeze            |    49 |    40 ||    89
       Infusion          |       |     3 ||     3
  Use: Potion            |       |     4 ||     4
 Stab: Sleeping          |     8 |     4 ||    12
